 Dungeon Crawl Stone Soup version 0.26.0-10-g1f06aea511 (webtiles) character file.

Game seed: 10886347912120499134

21346 Arum the Fighter (level 13, -5/109 HPs)
             Began as a Formicid Fighter on Jan 15, 2021.
             Was the Champion of Okawaru.
             Slain by Rupert
             ... wielding a +2 battleaxe of venom
              (28 damage)
             ... on level 12 of the Dungeon.
             The game lasted 00:28:56 (15301 turns).

Arum the Fighter (Formicid Fighter)                Turns: 15301, Time: 00:28:57

Health: -5/109     AC: 24    Str: 26    XL:     13   Next: 19%
Magic:  4/5        EV: 13    Int:  8    God:    Okawaru [******]
Gold:   275        SH: 18    Dex: 21    Spells: 12/12 levels left

rFire    . . .     SeeInvis +   j - +3 great mace "Font" {antimagic, rN+ Dex+7}
rCold    + + .     Faith    .   v - +3 kite shield
rNeg     + . .     Spirit   .   B - +6 chain mail of Nemelex Xobeh's Favour {Dex+4}
rPois    .         Reflect  .   (helmet unavailable)
rElec    .         Harm     .   S - +0 cloak {rC+}
rCorr    .         Rampage  .   (no gloves)
Will     ++...                  I - +1 pair of boots
Stlth    ..........             (no amulet)
HPRegen  0.28/turn              y - ring of protection from cold
MPRegen  0.09/turn              E - ring of willpower

@: heroism, studying Ice Magic
A: permanent stasis, dig shafts and tunnels, four strong arms, antennae 3
a: Dig, Shaft Self, Renounce Religion, Heroism, Finesse


You were on level 12 of the Dungeon.
You worshipped Okawaru.
Okawaru was exalted by your worship.
You visited 2 branches of the dungeon, and saw 13 of its levels.
You also visited: Sewer and Ice Cave.

You collected 761 gold pieces.
You spent 486 gold pieces at shops.

Inventory:

Hand Weapons
 a - a +0 flail
 c - a +2 vorpal mace
 j - the +3 great mace "Font" (weapon) {antimagic, rN+ Dex+7}
   (Okawaru gifted it to you in an ice cave)

   It reduces the magical energy of the wielder, and disrupts the spells and
   magical abilities of those hit.
   Natural abilities and divine invocations are not affected.
   It affects your dexterity (+7).
   It protects you from negative energy.
 L - a +3 spectral demon whip
Armour
 v - a +3 kite shield (worn)
 B - the +6 chain mail of Nemelex Xobeh's Favour (worn) {Dex+4}
   (You bought it in a shop on level 5 of the Dungeon)

   It affects your dexterity (+4).
 H - a scarf of repulsion
 I - a +1 pair of boots (worn)
 S - a +0 cloak of cold resistance (worn)
Jewellery
 i - an uncursed ring of positive energy
 y - a ring of protection from cold (left hand)
 C - a +6 ring of intelligence
 E - a ring of willpower (right hand)
 J - an uncursed ring of poison resistance
 O - a +6 ring of dexterity
Wands
 b - a wand of enslavement (3)
 o - a wand of paralysis (10)
 w - a wand of iceblast (30)
 x - a wand of random effects (24)
 z - a wand of polymorph (19)
 G - a wand of disintegration (34)
 N - a wand of acid (17)
Scrolls
 e - a scroll of magic mapping
 g - 6 scrolls of remove curse
 h - a scroll of amnesia
 l - a scroll of immolation
 n - a scroll of enchant armour
 r - 2 scrolls of identify
 t - 2 scrolls of fear
 u - a scroll of fog
 D - a scroll of torment {unknown}
Potions
 d - a potion of might
 f - 5 potions of curing
 m - 4 potions of attraction
 p - a potion of lignification {unknown}
 q - 6 potions of flight
 s - 3 potions of haste
 A - 4 potions of invisibility
 F - a potion of resistance
 K - a potion of cancellation {unknown}
 M - 3 potions of ambrosia
 P - a potion of experience {unknown}
Books
 Q - a manual of Ice Magic
 R - a manual of Ice Magic


   Skills:
 + Level 12.8(17.8) Fighting
 + Level 11.8(16.8) Maces & Flails
 + Level 11.2(16.2) Armour
 - Level 9.0(14.0) Shields
 - Level 5.0 Invocations
 + Level 3.8 Evocations


You had 12 spell levels left.
You didn't know any spells.
Your spell library was empty.

Dungeon Overview and Level Annotations

Branches:
Dungeon (12/15)            Temple (1/1) D:4            Lair (0/6) D:8
    Orc (0/2) D:9           Sewer (visited)           IceCv (visited)

Altars:
Ashenzari
Cheibriados
Dithmenos
Elyvilon
Fedhas
Gozag
Hepliaklqana
Kikubaaqudgha
Makhleb
Nemelex Xobeh
Okawaru
Qazlal
Ru
Sif Muna
Trog
Uskayaw
Vehumet
Wu Jian
Xom
Yredelemnul
Zin
The Shining One

Shops:
D:5 *[[[[

Annotations:
D:12 Rupert


Innate Abilities, Weirdness & Mutations

You cannot be hasted, slowed, berserked, paralysed or teleported.
You can dig through walls and to a lower floor.
Your four strong arms can wield two-handed weapons with a shield.
You have a pair of large antennae on your head. (SInv)


Message History

You block the orc's attack. You block Rupert's attack.
Unknown command.
You hit Rupert.
Rupert's magic leaks into the air.
Rupert is almost dead.
The orc warrior throws a boomerang.
You block the boomerang.
The weapon returns to the orc warrior!
You block the orc's attack.
Unknown command.
You barely miss Rupert.
Rupert is almost dead.
Rupert hits you with a +2 battleaxe of venom!
* * * LOW HITPOINT WARNING * * *
The orc warrior throws a boomerang.
The boomerang hits you!
* * * LOW HITPOINT WARNING * * *
The weapon returns to the orc warrior!
You block the orc priest's attack.
Unknown command.
Unknown command.
You feel much better. Rupert closely misses you. The orc barely misses you.
The orc priest hits you but does no damage.
Rupert hits you with a +2 battleaxe of venom!!
You die...

.....(.###...##.p..#.#.#.##
...##................<....#
..##...........)...#.#.#.##*
........#................,,**
......##...#.......#.#.#.#,,**
...........#...............,,****
...................#.#.#.#..,,**,
#.{............o.............,,,,
#.?o...........@@<...........,,,,
...............oo........,,,,,,,,
.......>.....#.......##..,,,,,,,,
..##................##*,,,,,,,,,,
...*.......#?..###...#*,,,,,,,*,,
..,,...........***....#,,,,,,**,,
**,,,,,,,......**,.####,,,,,***,,
***,,,,,,#.....,,,#.* *,,,,,**,,,
**,,,,,*,,...,,,,,,.***,,,,***,,,


You could see Rupert (berserk), an orc warrior, an orc priest and an orc.

Vanquished Creatures
  Erica (D:8)
  A hydra (D:12)
  A death knight (D:11)
  A tengu warrior (D:10)
  2 two-headed ogres (D:11)
  A skeletal warrior (D:11)
  An unseen horror (D:10)
  2 ugly things (D:11)
  A necromancer (IceCv)
  A deep elf mage (D:12)
  A cyclops (D:11)
  A manticore (D:10)
  An elephant (D:8)
  An ice statue (IceCv)
  A gargoyle (D:12)
  2 rime drakes (D:12)
  A komodo dragon (D:12)
  12 freezing wraiths
  4 trolls
  Grinder (D:4)
  A hornet (D:8)
  A wraith (D:8)
  4 yaks (D:10)
  A death yak simulacrum (IceCv)
  A basilisk (D:8)
  A wyvern (D:8)
  A floating eye (shapeshifter) (D:8)
  3 black bears
  3 orc warriors
  Purgy (Sewer)
  2 sky beasts
  8 ice beasts
  A phantom (D:5)
  A necrophage (D:12)
  4 ogres
  5 centaurs
  2 elf zombies (D:8)
  2 big kobolds
  8 bullfrogs
  2 wyvern zombies
  5 scorpions
  A water moccasin skeleton (D:6)
  A swamp dragon simulacrum (IceCv)
  11 killer bees
  3 howler monkeys
  6 wights
  3 jellies
  2 bullfrog skeletons
  7 draconian simulacra (IceCv)
  3 human zombies (D:8)
  4 orc priests
  2 hounds (D:8)
  11 orc wizards
  2 centaur skeletons
  A human skeleton (D:8)
  Ijyb (D:3)
  Terence (D:3)
  Natasha (thrice) (D:3)
  4 iguanas
  8 worker ants
  A polar bear simulacrum (IceCv)
  A wolf simulacrum (IceCv)
  4 troll simulacra (IceCv)
  A centaur simulacrum (IceCv)
  A hound zombie (D:8)
  A hound skeleton (D:5)
  2 mummies (D:8)
  A worker ant zombie (D:10)
  A howler monkey zombie (D:6)
  A howler monkey skeleton (D:8)
  9 adders
  5 naga simulacra (IceCv)
  3 ogre simulacra (IceCv)
  2 shadow imps (D:8)
  15 white imps
  2 ufetubi
  2 oozes
  A worm (D:6)
  2 dart slugs
  9 leopard geckos
  34 orcs
  12 giant cockroaches
  11 goblins
  3 hobgoblins
  7 jackals
  2 quokkas
  4 ball pythons
  2 bats (D:2)
  4 frilled lizards
  15 kobolds
  2 orc skeletons (D:8)
  An orc zombie (D:8)
  2 quokka skeletons
  A quokka zombie (D:6)
  7 rats
339 creatures vanquished.

Vanquished Creatures (others)
  A fungus (D:8)
1 creature vanquished.

Grand Total: 340 creatures vanquished

Notes
Turn   | Place    | Note
-------+----------+-------------------------------------------
     0 | D:1      | Arum the Formicid Fighter began the quest for the Orb.
     0 | D:1      | Reached XP level 1. HP: 18/18 MP: 1/1
   314 | D:1      | Reached XP level 2. HP: 24/24 MP: 2/2
  1165 | D:2      | Reached XP level 3. HP: 28/29 MP: 3/3
  1504 | D:2      | Reached XP level 4. HP: 26/37 MP: 4/4
  1861 | D:3      | Noticed Ijyb
  1878 | D:3      | Killed Ijyb
  1879 | D:3      | Reached skill level 4 in Fighting
  2176 | D:3      | Reached XP level 5. HP: 42/42 MP: 5/5
  2224 | D:3      | Noticed Natasha
  2234 | D:3      | Killed Natasha
  2239 | D:3      | Noticed Natasha
  2252 | D:3      | Killed Natasha
  2551 | D:3      | Noticed Terence
  2552 | D:3      | Noticed Natasha
  2563 | D:3      | Killed Natasha
  2583 | D:3      | Killed Terence
  2584 | D:3      | Reached skill level 5 in Shields
  2584 | D:3      | Reached XP level 6. HP: 32/49 MP: 6/6
  2872 | D:4      | Noticed an ice beast
  2883 | D:4      | Killed an ice beast
  3255 | D:4      | Found a staircase to the Ecumenical Temple.
  3260 | Temple   | Entered the Ecumenical Temple
  3448 | Temple   | Became a worshipper of Warmaster Okawaru
  3781 | D:4      | Found a shadowy altar of Dithmenos.
  3781 | D:4      | Noticed Grinder
  3808 | D:4      | Killed Grinder
  3809 | D:4      | Reached skill level 5 in Fighting
  3809 | D:4      | Reached skill level 5 in Armour
  3809 | D:4      | Reached XP level 7. HP: 37/56 MP: 7/7
  4078 | D:5      | Entered Level 5 of the Dungeon
  4092 | D:5      | Reached * piety under Okawaru
  4136 | D:5      | Reached XP level 8. HP: 6/64 MP: 8/8
  4297 | D:5      | Found a glowing drain.
  4322 | Sewer    | Entered a sewer
  4420 | Sewer    | Noticed Purgy
  4424 | Sewer    | Killed Purgy
  4425 | Sewer    | Reached skill level 6 in Fighting
  4753 | D:5      | Reached skill level 5 in Maces & Flails
  4948 | D:5      | Found Negoj's Antique Armour Shoppe.
  5160 | D:5      | Found Eniji's Armour Shop.
  5247 | D:5      | Found Melusi's Antique Armour Shoppe.
  5259 | D:5      | Bought a polished chain mail for 228 gold pieces
  5264 | D:5      | Identified the +6 chain mail of Nemelex Xobeh's Favour
                  | {Dex+4} (You bought it in a shop on level 5 of the Dungeon)
  5297 | D:5      | Found Soimas's Armour Shop.
  5460 | D:5      | Found Urooj's General Store.
  5463 | D:5      | Bought a scroll of magic mapping for 38 gold pieces
  5859 | D:7      | Reached skill level 7 in Fighting
  5874 | D:7      | Reached ** piety under Okawaru
  5875 | D:7      | Reached XP level 9. HP: 72/72 MP: 9/9
  5933 | D:7      | Found a shimmering altar of Xom.
  6343 | D:6      | Found a radiant altar of Vehumet.
  6343 | D:6      | Found a shimmering blue altar of Sif Muna.
  7040 | D:8      | Noticed Erica
  7062 | D:8      | Killed Erica
  7062 | D:8      | Reached *** piety under Okawaru
  7063 | D:8      | Reached skill level 8 in Fighting
  7277 | D:8      | Reached XP level 10. HP: 82/82 MP: 10/10
  7484 | D:8      | Reached **** piety under Okawaru
  7506 | D:8      | Reached skill level 9 in Fighting
  8374 | D:8      | Found an ancient bone altar of Kikubaaqudgha.
  8809 | D:8      | Found a staircase to the Lair.
  8809 | D:8      | Noticed an elephant
  8836 | D:8      | Killed an elephant
  8836 | D:8      | Reached ***** piety under Okawaru
  8837 | D:8      | Reached skill level 10 in Fighting
  9053 | D:9      | Reached XP level 11. HP: 86/91 MP: 11/11
  9123 | D:9      | You fall into a shaft and drop 1 floor!
  9123 | D:10     | Entered Level 10 of the Dungeon
  9274 | D:10     | Noticed a manticore
  9282 | D:10     | Killed a manticore
  9347 | D:10     | Noticed a tengu warrior
  9369 | D:10     | Killed a tengu warrior
  9369 | D:10     | Received a gift from Okawaru
  9578 | D:10     | Reached skill level 10 in Maces & Flails
  9610 | D:10     | Reached skill level 11 in Fighting
  9760 | D:10     | Noticed an unseen horror
  9779 | D:10     | Killed an unseen horror
 10244 | D:9      | Found a stormy altar of Qazlal.
 10367 | D:9      | Found a burning altar of Makhleb.
 10424 | D:9      | Found a staircase to the Orcish Mines.
 10428 | D:9      | Found a basalt altar of Yredelemnul.
 10428 | D:9      | Found a hazy altar of Hepliaklqana.
 10434 | D:9      | Found an ornate altar of the Wu Jian Council.
 10684 | D:9      | Found a glowing golden altar of the Shining One.
 10865 | D:5      | Bought a scroll of brand weapon for 220 gold pieces
 10968 | D:6      | Found a stormy altar of Qazlal.
 11519 | D:11     | Found an ancient bone altar of Kikubaaqudgha.
 11571 | D:11     | Reached skill level 1 in Invocations
 11691 | D:11     | Noticed a two-headed ogre
 11711 | D:11     | Killed a two-headed ogre
 11948 | D:11     | Received a gift from Okawaru
 12000 | D:11     | Noticed a cyclops
 12011 | D:11     | Killed a cyclops
 12012 | D:11     | Reached XP level 12. HP: 46/100 MP: 14/14
 12375 | D:11     | Noticed a two-headed ogre
 12385 | D:11     | Killed a two-headed ogre
 12642 | D:12     | Reached skill level 10 in Armour
 12662 | D:12     | Reached skill level 12 in Fighting
 12662 | D:12     | Noticed a four-headed hydra
 12669 | D:12     | Killed a four-headed hydra
 12670 | D:12     | Reached skill level 5 in Invocations
 12677 | D:12     | Found a frozen archway.
 12683 | IceCv    | Entered an ice cave
 12687 | IceCv    | Reached ****** piety under Okawaru
 13643 | IceCv    | Received a gift from Okawaru
 13644 | IceCv    | Reached skill level 1 in Evocations
 13664 | IceCv    | Got a warped great mace {god gift}
 13667 | IceCv    | Identified the +3 great mace "Font" {antimagic, rN+ Dex+7}
                  | (Okawaru gifted it to you in an ice cave)
 13731 | IceCv    | Found an ancient bone altar of Kikubaaqudgha.
 13888 | IceCv    | Reached XP level 13. HP: 51/109 MP: 5/16
 14916 | D:12     | Noticed Rupert
 15301 | D:12     | Slain by Rupert

Illustrated notes

Levels and vault maps discovered:
D:1:      lightli_arrival_isolated_outpost, layout_basic
D:2:      layout_basic, minivault_24
D:3:      layout_rooms, uniq_ijyb, uniq_terence, uniq_natasha
D:4:      layout_rooms, nicolae_dithmenos_the_darkroom,
          minmay_temple_entry_nine_rooms, nicolae_underground_beach,
          uniq_grinder
D:5:      layout_loops_corners, serial_shops, nicolae_shop_overgrown_old_shop,
          shop_fountains, shop_statue, nicolae_shop_behind_doors, shop,
          gup_sewer_entry_pipe
D:6:      mumra_celtic_spiral_tile, layout_loops_cross,
          gammafunk_temple_overflow_elements, basic_altar
D:7:      layout_gridville, kennysheep_little_box
D:8:      minmay_the_grid_four_pointed_star
          [minmay_the_grid_triangle_9x9_stretched_checkered,
          minmay_the_grid_triangle_9x9_skeleton,
          minmay_the_grid_triangle_9x9_checkered,
          minmay_the_grid_triangle_9x9_warning, minmay_the_grid_prize_big_room],
          layout_basic, lemuel_mausoleum_altar_kikubaaqudgha,
          david_lair_generic, uniq_erica
D:9:      layout_roguey, bloody_makhleb, nicolae_overflow_crystal_walls,
          nzn_wu_jian_contemplation, grunt_temple_overflow_open, orc_0_dummy
D:10:     minmay_chambers_of_sixes, layout_gridville
D:11:     layout_loops_cross, basic_altar
D:12:     layout_layer_cave, special_room [special_room_orc],
          portal_ice_cave_rime, st_stairs_8, minmay_circle_x, uniq_rupert
Temple:   minmay_temple_curvy_loop

Skill      XL: |  1  2  3  4  5  6  7  8  9 10 11 12 13 |
---------------+----------------------------------------+-----
Shields        | 4 5 6 7 9 |  9.0
Fighting       | 4 5 7 8 10 11 12 | 12.8
Armour         | 4 5 7 9 10 11 | 11.2
Maces & Flails | 3 4 6 7 9 10 11 | 11.8
Invocations    | 3 5 |  5.0
Evocations     | 2 3 |  3.8

Action                   |  1- 3 |  4- 6 |  7- 9 | 10-12 | 13-15 || total
-------------------------+-------+-------+-------+-------+-------++-------
Melee: Flail             |   116 |   145 |       |       |       ||   261
       Mace              |       |    25 |   327 |   419 |       ||   771
       Demon whip        |       |       |       |   384 |       ||   384
       Great mace        |       |       |       |    47 |    94 ||   141
Invok: Heroism           |       |       |       |     5 |     2 ||     7
 Abil: Dig               |       |     1 |     4 |     8 |     2 ||    15
Evoke: Wand              |       |       |       |     2 |     1 ||     3
  Use: Scroll            |       |       |     6 |    19 |       ||    25
       Potion            |       |       |       |     3 |     3 ||     6
Armor: Scale mail        |    64 |    69 |    35 |       |       ||   168
       Chain mail        |       |       |    47 |   265 |    32 ||   344
Dodge: Dodged            |    38 |    70 |    70 |   160 |    28 ||   366
       Repelled          |       |       |       |     2 |       ||     2
Block: Kite shield       |    70 |   122 |   179 |   502 |    97 ||   970
